 Dungeon Crawl Stone Soup version 0.31-a0-1549-g5ff9445e89 (webtiles) character file.

Game seed: 9067095311669510931

507 Xavori the Trooper (level 7, 0/46 HPs)
             Began as a Djinni Chaos Knight on Jan 3, 2024.
             Was a Plaything of Xom.
             Slain by an orc
             ... wielding a +0 flail
              (3 damage)
             ... on level 5 of the Dungeon.
             The game lasted 00:04:57 (10471 turns).

Xavori the Trooper (Djinni Chaos Knight)           Turns: 10471, Time: 00:04:58

Health: 0/46       AC:  1    Str: 14    XL:     7   Next: 42%
Gold:   228        EV: 12    Int: 17    God:    Xom [...*..] SH:  0 Dex: 12

rFire   + + .        a - +0 falchion (chaos)
rCold   . . .        (no shield)
rNeg    . . .        b - +2 leather armour
rPois   ∞            (no helmet)
rElec   .            (no cloak)
rCorr   .            (no gloves)
SInv    .            (boots unavailable)
Will    .....        (no amulet)
Stlth   +            v - ring of protection from cold
HPRegen 0.27/turn    (no ring)
MPRegen 0.00/turn

%: infuse magic (-1 HP)
@: corroded, flying
A: sickness immunity, fire resistance 2, cold vulnerability 1, float, innate
caster, HP casting, extra vitality 1, clever 1, frail 1, strong 1, wild magic 1,
inability to drink after injury 1
a: Renounce Religion


You were on level 5 of the Dungeon.
You worshipped Xom.
You were a favourite toy of Xom.
You visited 1 branch of the dungeon, and saw 5 of its levels.

You collected 228 gold pieces.

Inventory:

Hand Weapons
 a - a +0 falchion of chaos (weapon)
Armour
 b - a +2 leather armour (worn)
Jewellery
 v - a ring of protection from cold (left hand)
Wands
 p - a wand of roots (5)
Scrolls
 c - a scroll of butterflies
 m - a scroll of amnesia {unknown}
 o - a scroll of enchant armour {unknown}
 q - a scroll of revelation {unknown}
 r - a scroll of teleportation {unknown}
 s - a scroll of vulnerability {unknown}
 u - 2 scrolls of immolation
Potions
 d - a potion of mutation {unknown}
 e - a potion of ambrosia {unknown}
 f - 2 potions of haste {unknown}
 g - a potion of enlightenment {unknown}
 h - a potion of lignification
 i - a potion of curing
 j - a potion of brilliance {unknown}
 k - a potion of resistance {unknown}
 l - a potion of heal wounds {unknown}
 n - 3 potions of attraction {unknown}


   Skills:
 + Level 4.1 Fighting
 + Level 3.7 Long Blades
 + Level 2.9 Armour
 + Level 3.8 Dodging
 * Level 3.1 Spellcasting
 * Level 3.1 Conjurations
 * Level 3.1 Hexes
 * Level 3.1 Summonings
 * Level 3.1 Necromancy
 * Level 3.1 Translocations
 * Level 3.1 Fire Magic
 * Level 3.1 Ice Magic
 * Level 3.1 Air Magic
 * Level 3.1 Earth Magic
 * Level 3.1 Alchemy


You knew the following spells:

 Your Spells              Type           Power      Damage    Failure   Level
a - Sandblast             Erth           34%        2d9       10%         1
b - Ensorcelled Hibernat  Hex/Ice        34%        N/A       13%         2
c - Stone Arrow           Conj/Erth      34%        3d9       26%         3
Your spell library was empty.

Dungeon Overview and Level Annotations

Branches:
Dungeon (5/15)             Temple (0/1) D:4

Altars:
Cheibriados
Xom
Zin

Shops:
D:1 =


Innate Abilities, Weirdness & Mutations

You are immune to sickness and miasma.
You are immune to poison.
Your flesh is very heat resistant. (rF++)
You are vulnerable to cold. (rC-)
You float through the air rather than walking.
You learn spells naturally, not from books.
Your magical power is your life essence.
You have superior vitality. (+4 MHP)
Your mind is acute. (Int +4, Str/Dex -1)
You are frail. (-10% HP)
Your muscles are strong. (Str +4, Int/Dex -1)
Your spells are a little harder to cast, but a little more powerful.
You occasionally lose the ability to drink potions when taking damage.


Message History

The white imp is severely wounded.
You hit the white imp.
You kill the white imp!
No target in view!
A jelly and an orc come into view.
The jelly quivers.
The orc shouts!
You see here 7 gold pieces.
There are monsters nearby!
There are monsters nearby!
There are monsters nearby!
You now have 228 gold pieces (gained 7).
An orc comes into view. It is wielding a +0 flail.
There is a stone staircase leading up here.
You hit the jelly. You burn the jelly.
Your hands burn!
The jelly is lightly wounded.
The jelly hits you.
You are splashed with acid!
The orc hits you but does no damage.
An orc comes into view. It is wielding a +0 club.
The orc shouts!
You hit the jelly.
Your hands burn!
The jelly is heavily wounded.
The jelly misses you. The orc completely misses you.
The jelly barely misses you.
You hit the jelly but do no damage.
The jelly flies into a frenzy!
Your hands burn!
The jelly is heavily wounded.
The jelly hits you. The acid corrodes you!
You are splashed with acid!
The orc hits the jelly with a +0 club.
The orc is burned by acid!
The orc hits you with a +0 flail!
* * * LOW HITPOINT WARNING * * *
You hit the jelly but do no damage.
Your hands burn!
* * * LOW HITPOINT WARNING * * *
The jelly is almost dead.
The jelly closely misses you.
The jelly closely misses the orc.
The orc hits the jelly with a +0 club.
The jelly dies!
The orc hits you with a +0 flail.
You die...
Xom yawns loudly!

######
#####....####
#@.o........###
#.o...........#
#...o.........#
#............#
#............##
#...............
#...............
#...............
#.........######


You could see 3 orcs.

Vanquished Creatures
  An ogre (D:4)
  2 jellies (D:4)
  An orc priest (D:4)
  2 iguanas (D:4)
  7 gnolls
  4 adders (D:2)
  A white imp (D:5)
  2 dart slugs
  A ribbon worm (D:2)
  5 orcs
  6 bats
  4 endoplasms
  3 giant cockroaches
  3 goblins
  5 hobgoblins
  4 jackals (D:2)
  4 quokkas
  5 ball pythons
  2 frilled lizards
  6 kobolds
  A rat (D:2)
69 creatures vanquished.

Vanquished Creatures (collateral kills)
  A howler monkey (D:4)
  A hound (D:4)
  An orc wizard (D:4)
  A dart slug (D:4)
  2 orcs (D:4)
  A kobold (D:4)
  A quokka (D:4)
8 creatures vanquished.

Vanquished Creatures (others)
  A jelly (D:5)
1 creature vanquished.

Grand Total: 78 creatures vanquished

Notes
Turn   | Place    | Note
-------+----------+-------------------------------------------
     0 | D:1      | Xavori the Djinni Chaos Knight began the quest for the Orb.
     0 | D:1      | Reached XP level 1. HP: 20/20 MP: 0/0
    39 | D:1      | XOM: divination: detect creatures
   214 | D:1      | Reached XP level 2. HP: 25/25 MP: 0/0
   243 | D:1      | Found Qezxett's One-of-a-Kind Rings.
   324 | D:1      | XOM: cast spell 'Summon Small Mammal'
   523 | D:2      | Reached skill level 1 in Spellcasting
   523 | D:2      | Reached skill level 1 in Conjurations
   523 | D:2      | Reached skill level 1 in Hexes
   523 | D:2      | Reached skill level 1 in Summonings
   523 | D:2      | Reached skill level 1 in Necromancy
   523 | D:2      | Reached skill level 1 in Translocations
   523 | D:2      | Reached skill level 1 in Fire Magic
   523 | D:2      | Reached skill level 1 in Ice Magic
   523 | D:2      | Reached skill level 1 in Air Magic
   523 | D:2      | Reached skill level 1 in Earth Magic
   523 | D:2      | Reached skill level 1 in Alchemy
   523 | D:2      | Reached XP level 3. HP: 30/30 MP: 0/0
   523 | D:2      | Learned a level 1 spell: Sandblast
   570 | D:2      | XOM: divination: detect items
   586 | D:2      | XOM: silly message
   663 | D:2      | XOM: silly message
   675 | D:2      | XOM: divination: magic mapping
   689 | D:1      | Reached XP level 4. HP: 7/35 MP: 0/0
   810 | D:2      | XOM: silly message
  1096 | D:2      | XOM: silly message
  1103 | D:2      | Reached XP level 5. HP: 36/40 MP: 0/0
  1103 | D:2      | Learned a level 2 spell: Ensorcelled Hibernation
  1172 | D:2      | Identified the +4 spear "Virhutad" {venom, rElec rPois}
  2008 | D:1      | XOM: noise
  2428 | D:1      | XOM: divination: detect creatures
  2874 | D:1      | XOM: silly message
  4712 | D:1      | XOM: give mutations
  4712 | D:1      | Gained mutation: You occasionally lose the ability to read
                  | scrolls when taking damage. [Xom's mischief]
  4712 | D:1      | Gained mutation: You sometimes lose your temper in combat.
                  | [Xom's mischief]
  5099 | D:1      | XOM: stat loss: -1 Dex (13/14)
  5851 | D:1      | XOM: give mutations
  5851 | D:1      | Gained mutation: Your muscles are strong. (Str +4, Int/Dex
                  | -1) [Xom's mischief]
  5851 | D:1      | Lost mutation: Your muscles are strong. (Str +4, Int/Dex
                  | -1) [Xom's mischief]
  6095 | D:1      | XOM: give mutations
  6095 | D:1      | Gained mutation: You occasionally lose the ability to drink
                  | potions when taking damage. [Xom's mischief]
  6095 | D:1      | Gained mutation: Your spells are a little harder to cast,
                  | but a little more powerful. [Xom's mischief]
  6095 | D:1      | Gained mutation: You have a pair of small antennae on your
                  | head. [Xom's mischief]
  6920 | D:1      | XOM: give mutations
  6920 | D:1      | Lost mutation: You sometimes lose your temper in combat.
                  | [Xom's mischief]
  6920 | D:1      | Lost mutation: You have a pair of small antennae on your
                  | head. [Xom's mischief]
  6920 | D:1      | Gained mutation: You are frail. (-10% HP) [Xom's mischief]
  6920 | D:1      | Gained mutation: You are weak. (Str -2) [Xom's mischief]
  6959 | D:1      | XOM: god gift: encrusted bronze wand {god gift}
  7086 | D:1      | XOM: divination: detect items
  7161 | D:1      | XOM is BORED!
  7253 | D:1      | XOM: god gift: orcbow {god gift}
  7262 | D:1      | XOM: god gift: shiny ring mail {god gift}
  7301 | D:1      | XOM: scenery: 1 doors close
  8066 | D:1      | XOM: god gift: 4 stones
  8107 | D:1      | XOM: divination: detect creatures
  8360 | D:1      | XOM: scenery: 1 doors open
  8430 | D:1      | XOM: give mutations
  8430 | D:1      | Gained mutation: A frigid envelope surrounds you and
                  | freezes all who hurt you. [Xom's grace]
  8430 | D:1      | Gained mutation: Your mind is acute. (Int +4, Str/Dex -1)
                  | [Xom's grace]
  8430 | D:1      | Lost mutation: You are weak. (Str -2) [Xom's grace]
  8430 | D:1      | Gained mutation: Your muscles are strong. (Str +4, Int/Dex
                  | -1) [Xom's grace]
  8641 | D:3      | XOM: 5-stop teleportation journey
  8663 | D:3      | XOM: scenery: 3 doors open
  8765 | D:3      | XOM: scenery: create altars
  8821 | D:3      | XOM: give mutations
  8821 | D:3      | Lost mutation: A frigid envelope surrounds you and freezes
                  | all who hurt you. [Xom's mischief]
  8821 | D:3      | Lost mutation: You occasionally lose the ability to read
                  | scrolls when taking damage. [Xom's mischief]
  8999 | D:3      | XOM: noise
  9125 | D:3      | XOM: cloud trail
  9154 | D:3      | XOM: god gift: sapphire potion {god gift}
  9386 | D:3      | Found a snail-covered altar of Cheibriados.
  9387 | D:3      | Found a glowing silver altar of Zin.
  9391 | D:3      | XOM: cloud trail
  9500 | D:4      | XOM: summons friendly shadow imp
  9579 | D:4      | XOM: confuse monster(s)
  9581 | D:4      | XOM: noise
  9582 | D:4      | Reached XP level 6. HP: 41/41 MP: 0/0
  9589 | D:4      | XOM: summons friendly crimson imp
  9619 | D:4      | XOM: god gift: 2 datura-tipped darts
  9727 | D:4      | Noticed an ogre
  9732 | D:4      | Killed an ogre
  9733 | D:4      | Reached skill level 4 in Fighting
  9733 | D:4      | Reached XP level 7. HP: 37/46 MP: 0/0
  9733 | D:4      | Learned a level 3 spell: Stone Arrow
  9807 | D:4      | XOM: divination: detect creatures
  9854 | D:4      | XOM: snakes to sticks
 10133 | D:4      | XOM: 5-stop teleportation journey
 10253 | D:4      | XOM: god gift: scroll labelled WUTWUTWITA {god gift}
 10256 | D:4      | XOM: god gift: 21 gold pieces
 10285 | D:4      | Found a staircase to the Ecumenical Temple.
 10445 | D:5      | Entered Level 5 of the Dungeon
 10471 | D:5      | Slain by an orc

Illustrated notes

Levels and vault maps discovered:
D:1:      amcnicky_arrival_flooded_fountain, layout_rooms,
          minmay_misc_feat_rows, dreamdust_wishing_well,
          nicolae_shop_unique_rings
D:2:      layout_loops_ring, grunt_ministairs_14, nicolae_grassy_gnolls
D:3:      layout_loops_corners, gammafunk_temple_overflow_pools, glass_columns_b
D:4:      layout_cave_pools, minmay_temple_entry_arrows
D:5:      layout_cave_pods, serial_shops, nicolae_stop_n_shop_1, minivault_1

Skill      XL: |  1  2  3  4  5  6  7 |
---------------+----------------------+-----
Spellcasting   | 1 2 3 |  3.1
Conjurations   | 1 2 3 |  3.1
Hexes          | 1 2 3 |  3.1
Summonings     | 1 2 3 |  3.1
Necromancy     | 1 2 3 |  3.1
Translocations | 1 2 3 |  3.1
Fire Magic     | 1 2 3 |  3.1
Ice Magic      | 1 2 3 |  3.1
Air Magic      | 1 2 3 |  3.1
Earth Magic    | 1 2 3 |  3.1
Alchemy        | 1 2 3 |  3.1
Long Blades    | 3 |  3.7
Armour         | 2 |  2.9
Dodging        | 3 |  3.8
Fighting       | 4 |  4.1

Action                     |  1- 3 |  4- 6 |  7- 9 || total
---------------------------+-------+-------+-------++-------
  Melee: Falchion          |    66 |   132 |    48 ||   246
    Use: Scroll            |       |     1 |     1 ||     2
         Potion            |       |     2 |       ||     2
   Stab: Confused          |     1 |       |       ||     1
         Sleeping          |     1 |       |       ||     1
         Paralysed         |       |     1 |       ||     1
         Distracted        |       |     1 |       ||     1
 Armour: Leather armour    |    71 |    90 |    33 ||   194
  Dodge: Dodged            |    61 |   132 |    41 ||   234

Table legend: (Time is in decaauts)
 A = Elapsed time spent in this place.
 B = Non-inter-level travel time spent in this place.
 C = Inter-level travel time spent in this place.
 D = Time resting spent in this place.
 E = Time spent auto-exploring this place.
 F = Levels seen in this place.
 G = Mean time per level.
                   A        B        C        D        E       F      G
               +--------+--------+--------+--------+--------+-----+--------+
         Total |  10507 |  10329 |    178 |   7470 |   2250 |   5 | 2101.4 |
       Dungeon |  10507 |  10329 |    178 |   7470 |   2250 |   5 | 2101.4 |
               +--------+--------+--------+--------+--------+-----+--------+

Top non-repeatable levels by time:
     D:1: 7730 daAuts
     D:4: 962 daAuts
     D:3: 902 daAuts
     D:2: 884 daAuts
     D:5: 26 daAuts
